 Dungeon Crawl Stone Soup version 0.16-a0-4020-g6ff35b5 (webtiles) character file.

51 Chiseanne the Insei (level 3, -1/18 HPs)
             Began as a Vine Stalker Transmuter on Feb 17, 2015.
             Was a Believer of Cheibriados.
             Slain by an orc wizard
             ... wielding a +0 dagger
              (2 damage)
             ... on level 3 of the Dungeon.
             The game lasted 00:09:03 (1799 turns).

Chiseanne the Insei (Vine Stalker Transmuter)       Turns: 1799, Time: 00:09:03

Health: -1/18      AC:  4    Str: 19    XL:     3   Next: 81%
Magic:  0/7        EV: 12    Int: 18    God:    Cheibriados [**....]
Gold:   191        SH:  0    Dex: 18    Spells: 3 memorised, 1 level left

rFire  . . .     SeeInvis .       - Unarmed
rCold  . . .     Clarity  .     q - +0 leather armour
rNeg   . . .     SustAb   .     (no shield)
rPois  .         Gourm    .     (helmet restricted)
rElec  .         Spirit   +     (no cloak)
rCorr  .         Warding  .     o - +0 pair of gloves
rMut   .         Stasis   .     (no boots)
MR     .....                    (no amulet)
Stlth  +.........               (no ring)
                                i - +3 ring of strength

@: appendage, drained, very slow, not resistant to hostile enchantments, very
unstealthy
A: fangs 2, horns 2, regeneration 1, magic shield, antimagic bite, no device
heal 3, rot immunity
a: End Transformation, Bend Time, Renounce Religion


You were on level 3 of the Dungeon.
You worshipped Cheibriados.
Cheibriados was pleased with you.
You were not hungry.
You had grown temporary horns.
You visited 1 branch of the dungeon, and saw 3 of its levels.

You collected 191 gold pieces.

Inventory:

Missiles
 b - 12 arrows
 h - 14 arrows of flame
Armour
 o - a +0 pair of gloves (worn)
 q - a +0 leather armour (worn)
Jewellery
 i - a +3 ring of strength (left hand)
Scrolls
 c - a scroll of identify
Potions
 e - a potion of magic {unknown}
 f - 2 potions of brilliance
 g - a potion of invisibility
 k - a potion of cancellation
 l - 2 potions of curing {unknown}
 n - 2 potions of haste {unknown}
Books
 d - a book of Changes

   Spells                             Type                      Level
   a - Beastly Appendage              Transmutation                1
   b - Sticks to Snakes               Transmutation                2
   c - Spider Form                    Transmutation/Poison         3
   d - Ice Form                       Ice/Transmutation            4
   e - Blade Hands                    Transmutation                5
Comestibles
 a - 2 bread rations
 j - a meat ration
 m - a royal jelly
 p - a slice of pizza
 r - a chunk of flesh


   Skills:
 * Level 1.8(0.9) Fighting
 * Level 2.1(1.2) Dodging
 - Level 3.0(2.0) Unarmed Combat
 * Level 2.7(1.7) Spellcasting
 * Level 2.5(1.6) Transmutations


You had one spell level left.
You knew the following spells:

 Your Spells              Type           Power        Failure   Level  Hunger
a - Beastly Appendage     Trmt           #.....       12%         1    #......
b - Sticks to Snakes      Trmt           #.........   17%         2    ###....
c - Spider Form           Trmt/Pois      #.........   54%         3    ###....


Dungeon Overview and Level Annotations

Branches:
Dungeon (3/15)

Altars:
Cheibriados
Gozag
Vehumet


Innate Abilities, Weirdness & Mutations

You have extremely sharp teeth.
Your natural rate of healing is unusually fast.
When hurt, damage is shared between your health and your magic reserves.
Your bite disrupts and absorbs the magic of your enemies.
Potions and wands cannot restore your health.
You are immune to rotting.
You have a pair of horns on your head.


Message History

The orc wizard barely misses you. x2
The orc wizard casts a spell at you. The magic dart hits you!
* * * LOW HITPOINT WARNING * * *
An orc comes into view. It is wielding a whip.
You hit the orc wizard but do no damage.
You bite the orc wizard, but do no damage.
The orc wizard is heavily wounded.
The orc wizard barely misses you.
The orc wizard hits you but does no damage.
You feel drained.
You barely miss the orc wizard.
You bite the orc wizard, but do no damage.
The orc wizard is heavily wounded.
The orc wizard barely misses you.
The orc wizard points at you and mumbles some strange words.
The magic dart hits you!
* * * LOW HITPOINT WARNING * * *
The orc wizard hits you with a dagger.
You die...

#.# #.......
#.#..#####.####
#.#..........#
########.#.#.####.#.#
#........#.#.####.#.#
#........#..........#
###........###..###.####
............#
#..#......# ##..oo@...#
#..#.#.##.#
..<...oo#.#.# #....#.# .
#.####.#÷#.# #.#..#.####
..#.#.###.#..#.....
####.#........#.#..#
..#####.##.#.#..# ##'#
#.##...#..#
...####.###..#..#
.....##†# #..#..#


You could see 2 orc wizards and 2 orcs.

Vanquished Creatures
  An adder (D:1)
  2 oozes (D:1)
  An orc (D:3)
  4 bats
  4 hobgoblins
  3 jackals (D:2)
  8 kobolds
  A ball python (D:2)
  4 giant cockroaches
  7 giant newts
  3 goblins
  2 rats
40 creatures vanquished.

Notes
Turn   | Place    | Note
--------------------------------------------------------------
     0 | D:1      | Chiseanne, the Vine Stalker Transmuter, began the quest for the Orb.
     0 | D:1      | Reached XP level 1. HP: 9/9 MP: 3/3
    62 | D:1      | Reached skill level 1 in Fighting
   108 | D:1      | Found a snail-covered altar of Cheibriados.
   126 | D:1      | Became a worshipper of Cheibriados the Contemplative
   200 | D:1      | Reached XP level 2. HP: 14/14 MP: 6/6
   204 | D:1      | Learned a level 2 spell: Sticks to Snakes
   551 | D:1      | Reached XP level 3. HP: 12/18 MP: 4/7
   769 | D:1      | Learned a level 3 spell: Spider Form
   991 | D:2      | Found a radiant altar of Vehumet.
   991 | D:2      | Found an opulent altar of Gozag.
  1799 | D:3      | Slain by an orc wizard

Action                   || total
-------------------------++-------
Melee: Unarmed           ||   118
 Cast: Beastly Appendage ||    25
  Use: Scroll            ||     6
  Eat: Chunk             ||     2
